 Dungeon Crawl Stone Soup version 0.28.0-53-g5a82cb258f (webtiles) character file.

Game seed: 1295139490840307067

8295 quixfox the Cleaver (level 11, -3/99 HPs)
             Began as a Minotaur Fighter on July 14, 2022.
             Was a High Priest of Okawaru.
             Slain by a two-headed ogre
             ... wielding a +0 giant spiked club
              (21 damage)
             ... on level 10 of the Dungeon.
             The game lasted 00:28:50 (10435 turns).

quixfox the Cleaver (Minotaur Fighter)             Turns: 10435, Time: 00:28:52

Health: -3/99      AC: 23    Str: 31    XL:     11   Next: 8%
Magic:  13/15      EV:  9    Int:  5    God:    Okawaru [*****.]
Gold:   560        SH:  5    Dex: 10    Spells: 10/10 levels left

rFire   . . .      SeeInvis .   a - +0 war axe
rCold   . . .      Faith    .   c - +0 buckler
rNeg    . . .      Spirit   .   A - +3 plate armour
rPois   .          Reflect  .   (helmet restricted)
rElec   .          Harm     .   K - +0 cloak
rCorr   .          Rampage  .   (no gloves)
Will    +....                   g - +0 pair of boots
Stlth   ..........              h - amulet of regeneration
HPRegen 1.06/turn               H - ring of willpower
MPRegen 0.14/turn               v - +6 ring of strength

@: heroic
A: horns 2, retaliatory headbutt
a: Renounce Religion, Heroism, Finesse, Duel


You were on level 10 of the Dungeon.
You worshipped Okawaru.
Okawaru was extremely pleased with you.
You visited 2 branches of the dungeon, and saw 11 of its levels.

You collected 560 gold pieces.

Inventory:

Hand Weapons
 a - a +0 war axe (weapon)
 b - a +0 hand crossbow
 u - a +3 flail of holy wrath
 B - a +0 battleaxe
Missiles
 p - 47 bolts
Armour
 c - a +0 buckler (worn)
 g - a +0 pair of boots (worn)
 A - a +3 plate armour (worn)
 K - a +0 cloak (worn)
Jewellery
 f - a ring of fire
 h - an amulet of regeneration (around neck)
 v - a +6 ring of strength (right hand)
 x - a ring of positive energy
 H - a ring of willpower (left hand)
 I - a +4 ring of evasion
Wands
 D - a wand of iceblast (9)
 G - a wand of paralysis (5)
 J - a wand of mindburst (9)
Scrolls
 k - a scroll of vulnerability
 l - 2 scrolls of magic mapping {unknown}
 n - 7 scrolls of teleportation
 q - a scroll of enchant armour {unknown}
 r - a scroll of fear
 w - a scroll of brand weapon {unknown}
 y - a scroll of enchant weapon
 z - a scroll of blinking
Potions
 d - a potion of might
 e - 2 potions of curing
 i - a potion of cancellation
 j - a potion of haste
 m - 2 potions of flight
 o - 2 potions of mutation
 s - 2 potions of brilliance
 t - a potion of invisibility
 E - a potion of heal wounds
 F - 2 potions of lignification


   Skills:
 + Level 10.1(15.1) Fighting
 * Level 13.3(18.3) Axes
 + Level 10.1(15.1) Armour
 - Level 3.6(8.6) Shields
 + Level 7.0 Invocations


You had 10 spell levels left.
You didn't know any spells.
Your spell library contained the following spells:

 Spells                   Type           Power      Damage    Failure   Level
 Magic Dart               Conj           0%         1d3       98%         1
 Blink                    Tloc           0%         N/A       99%         2
 Searing Ray              Conj           0%         2d4       99%         2
 Confusing Touch          Hex            0%         N/A       100%        3
 Gell's Gravitas          Tloc           0%         N/A       100%        3
 Lesser Beckoning         Tloc           0%         N/A       100%        3
 Portal Projectile        Hex/Tloc       0%         N/A       100%        3
 Teleport Other           Tloc           0%         N/A       100%        3
 Fulminant Prism          Conj/Hex       0%         3d6       100%        4
 Leda's Liquefaction      Hex/Erth       0%         N/A       100%        4
 Manifold Assault         Tloc           0%         N/A       100%        5
 Yara's Violent Unravell  Hex/Tmut       0%         3d3       100%        5
 Dispersal                Tloc           0%         N/A       100%        6
 Enfeeble                 Hex            0%         N/A       100%        7
 Call Canine Familiar     Summ           Unusable   N/A       N/A         3

Dungeon Overview and Level Annotations

Branches:
Dungeon (10/15)            Temple (1/1) D:4            Lair (0/6) D:10
    Orc: D:9-12

Altars:
Ashenzari
Dithmenos
Elyvilon
Fedhas
Gozag
Hepliaklqana
Kikubaaqudgha
Makhleb
Nemelex Xobeh
Okawaru
Qazlal
Ru
Sif Muna
Trog
Uskayaw
Vehumet
Wu Jian
Xom
Yredelemnul
Zin
The Shining One

Annotations:
D:7 3 runed translucent doors, LustLizard's ghost, novice HOFE
D:8 3 runed translucent doors, Kazon's ghost, novice VSFi


Innate Abilities, Weirdness & Mutations

You have a pair of horns on your head.
You reflexively headbutt those who attack you in melee.


Message History

A two-headed ogre comes into view.
It is wielding a +0 giant spiked club and a +0 giant club.
You barely miss the yak.
The two-headed ogre shouts in stereo!
Your headbutt misses the yak. You slash the fungus!
The fungus begins to die.
You hit the fungus.
The fungus begins to die.
You slash the fungus!
The fungus begins to die.
The yak gores you but does no damage.
You slash the yak! You headbutt the yak, but do no damage.
The yak is moderately wounded.
You hit the fungus. x3; You block the yak's attack.
You slice the yak!! You headbutt the yak.
You kill the yak!
Okawaru accepts your kill.
You slash the fungus! x3
You see here a yak corpse.
b - a +0 hand crossbow (weapon)
A nearby fungus withers and dies.
You shoot a bolt. The bolt hits the two-headed ogre!
The two-headed ogre is lightly wounded.
A nearby fungus withers and dies. x2
a - a +0 war axe (weapon)
You hit the two-headed ogre.
You headbutt the two-headed ogre, but do no damage.
The two-headed ogre is moderately wounded.
You hit the plant.
The plant begins to die.
The two-headed ogre hits you with a +0 giant spiked club!
The two-headed ogre hits you with a +0 giant club!!
You slash the two-headed ogre! You headbutt the two-headed ogre!
The two-headed ogre is heavily wounded.
You hit the plant but do no damage.
The two-headed ogre hits you with a +0 giant spiked club!!
The two-headed ogre hits you with a +0 giant club!
You are too injured to fight recklessly!
You gain the combat prowess of a mighty hero.
You hit the two-headed ogre. You headbutt the two-headed ogre!
The two-headed ogre is severely wounded.
You hit the plant.
The two-headed ogre hits you with a +0 giant spiked club!!
* * * LOW HITPOINT WARNING * * *
The two-headed ogre hits you with a +0 giant club!!
You die...

##..###..P.PPP>P
##..##.PPP.P..PP.....P.
##.#.....P.P...P....P.
#.#.(.P.PP..PP$..P... #
#.#.†..P.P....PP.....
####<##..P.P.PPPP.(P....
..†.......P.P..PP..P....
########.P......O..P....
#...P....@.......
##........P......
#(..............
###...#####..>.. #####
#####


You could see a two-headed ogre.

Vanquished Creatures
  2 two-headed ogres (D:10)
  Pikel (D:5)
  A cyclops (D:7)
  Maurice (D:8)
  2 hornets (D:8)
  A shadow (D:10)
  7 yaks
  2 steam dragons (D:8)
  Menkaure (D:5)
  Edmund (D:5)
  A water moccasin (D:10)
  3 orc warriors
  A hornet zombie (D:7)
  An ice beast (D:7)
  5 black bears
  An ogre (D:5)
  A centaur (D:8)
  5 bullfrogs
  3 kobold brigands
  2 wyvern zombies
  A scorpion (D:10)
  A gnoll sergeant (D:8)
  A wyvern skeleton (D:3)
  A water moccasin skeleton (D:6)
  3 killer bees (D:6)
  3 howler monkeys
  2 electric eels (D:8)
  9 wights
  3 centaur zombies
  A jelly (D:7)
  4 orc priests
  A centaur skeleton (D:5)
  5 hounds
  A gnoll shaman (D:6)
  3 bullfrog skeletons
  An iguana (D:4)
  11 orc wizards
  2 killer bee zombies
  2 howler monkey zombies
  16 gnolls
  A howler monkey skeleton (D:7)
  4 adders
  A shadow imp (D:5)
  3 white imps
  3 adder skeletons (D:4)
  A dart slug (D:4)
  39 orcs
  4 endoplasms
  A giant cockroach (D:4)
  9 hobgoblins
  4 jackals (D:4)
  14 kobolds
  A quokka (D:4)
  5 ball pythons
  4 bats
  A frilled lizard (D:1)
  4 goblins
  3 rats
215 creatures vanquished.

Vanquished Creatures (collateral kills)
  A hobgoblin (D:4)
1 creature vanquished.

Vanquished Creatures (others)
  14 fungi (D:10)
  19 plants (D:10)
33 creatures vanquished.

Grand Total: 249 creatures vanquished

Notes
Turn   | Place    | Note
-------+----------+-------------------------------------------
     0 | D:1      | quixfox the Minotaur Fighter began the quest for the Orb.
     0 | D:1      | Reached XP level 1. HP: 19/19 MP: 0/0
   293 | D:1      | Reached skill level 3 in Axes
   293 | D:1      | Reached XP level 2. HP: 23/27 MP: 1/1
  1217 | D:2      | Reached XP level 3. HP: 26/33 MP: 2/2
  1951 | D:3      | Reached skill level 4 in Axes
  2120 | D:3      | Reached XP level 4. HP: 8/41 MP: 3/3
  2457 | D:3      | Found a white marble altar of Elyvilon.
  2472 | D:3      | Found an opulent altar of Gozag.
  2527 | D:3      | Reached skill level 5 in Axes
  2527 | D:3      | Reached XP level 5. HP: 6/47 MP: 4/4
  3589 | D:4      | Reached skill level 5 in Fighting
  3589 | D:4      | Reached skill level 5 in Armour
  3702 | D:4      | Reached XP level 6. HP: 52/56 MP: 5/5
  4194 | D:4      | Found a staircase to the Ecumenical Temple.
  4203 | Temple   | Entered the Ecumenical Temple
  4234 | Temple   | Became a worshipper of Warmaster Okawaru
  4447 | D:5      | Entered Level 5 of the Dungeon
  4478 | D:5      | Reached skill level 6 in Axes
  4484 | D:5      | Noticed Edmund
  4493 | D:5      | Killed Edmund
  4515 | D:5      | Reached skill level 1 in Invocations
  4548 | D:5      | Noticed Menkaure
  4560 | D:5      | Reached XP level 7. HP: 40/61 MP: 6/6
  4565 | D:5      | Killed Menkaure
  4565 | D:5      | Reached * piety under Okawaru
  4612 | D:5      | Reached skill level 7 in Axes
  4686 | D:5      | Noticed Pikel
  4693 | D:5      | Killed Pikel
  4693 | D:5      | Reached ** piety under Okawaru
  4694 | D:5      | Reached skill level 8 in Axes
  4694 | D:5      | Reached XP level 8. HP: 63/71 MP: 5/9
  4886 | D:5      | Reached *** piety under Okawaru
  4980 | D:6      | Reached skill level 9 in Axes
  5446 | D:6      | Reached XP level 9. HP: 79/79 MP: 11/11
  5817 | D:7      | Noticed a cyclops
  5827 | D:7      | Killed a cyclops
  5827 | D:7      | Reached **** piety under Okawaru
  5828 | D:7      | Reached skill level 10 in Axes
  5902 | D:7      | Found a runed translucent gate.
  5902 | D:7      | Noticed LustLizard's ghost (novice HOFE)
  5903 | D:7      | Found a runed translucent gate.
  5903 | D:7      | Found a runed translucent gate.
  5905 | D:7      | Found a basalt altar of Yredelemnul.
  6334 | D:7      | Reached skill level 5 in Invocations
  6995 | D:8      | Reached skill level 11 in Axes
  7217 | D:8      | Noticed Maurice
  7239 | D:8      | Paralysed by Maurice for 7 turns
  7253 | D:8      | Paralysed by Maurice for 3 turns
  7257 | D:8      | Killed Maurice
  7257 | D:8      | Reached ***** piety under Okawaru
  7258 | D:8      | Reached XP level 10. HP: 86/90 MP: 13/13
  7691 | D:8      | Identified the +5 rapier of Honesty {vorpal, Str+4 Dex+3}
  7761 | D:8      | Found a runed translucent gate.
  7761 | D:8      | Found a runed translucent gate.
  7763 | D:8      | Identified the ring of Veipp {rC++ Will+ Int+3}
  7767 | D:8      | Noticed Kazon's ghost (novice VSFi)
  7768 | D:8      | Found a runed translucent gate.
  8341 | D:8      | Paralysed by a hornet for 3 turns
  8348 | D:8      | Reached skill level 12 in Axes
  8794 | D:9      | Found a hazy altar of Hepliaklqana.
  8796 | D:9      | Found a faded altar of an unknown god.
  8798 | D:9      | Paralysed by a kobold brigand for 7 turns
  9169 | D:9      | Found a stormy altar of Qazlal.
 10199 | D:10     | Entered Level 10 of the Dungeon
 10209 | D:10     | Noticed a two-headed ogre
 10218 | D:10     | Killed a two-headed ogre
 10218 | D:10     | Identified the +4 triple crossbow of Okawaru's Approval
                  | {elec, rF+} (Okawaru gifted it to you on level 10 of the
                  | Dungeon)
 10218 | D:10     | Received a gift from Okawaru
 10219 | D:10     | Reached skill level 13 in Axes
 10256 | D:10     | Noticed a two-headed ogre
 10270 | D:10     | Killed a two-headed ogre
 10271 | D:10     | Reached skill level 10 in Armour
 10272 | D:10     | Reached skill level 10 in Fighting
 10272 | D:10     | Reached XP level 11. HP: 51/99 MP: 15/15
 10358 | D:10     | Found a staircase to the Lair.
 10424 | D:10     | Noticed a two-headed ogre
 10435 | D:10     | Slain by a two-headed ogre

Illustrated notes

Levels and vault maps discovered:
D:1:      dpeg_arrival_lava_altar, layout_basic,
          nicolae_concentric_dashed_squares_mild
D:2:      layout_basic, serial_park_tiny_1
D:3:      layout_basic, grunt_temple_overflow_open
D:4:      layout_basic, lemuel_temple_firewalk_a
D:5:      layout_basic, feat_on_display, uniq_menkaure, uniq_edmund, uniq_pikel
D:6:      layout_gridville, st_stairs_13
D:7:      layout_layer_cave, nicolae_yredelemnul_ghost_church
D:8:      layout_loops_ring, serial_co_window_serial, co_window_corner_a,
          co_window_paths_a, co_window_corner_a, co_window_paths_b,
          co_window_corner_a, co_window_corner_a, co_window_paths_a,
          co_window_2corner, co_window_broadway_a, co_window_paths_c,
          co_window_2corner, glass_columns_c, special_room [special_room_orc],
          gammafunk_ghost_nasty_kobolds, water_boxes_lemuel, uniq_maurice
D:9:      layout_layer_cave, beargit_hepliaklqana_dungeon_heroes,
          nicolae_qazlal_eye_of_the_storm, kennysheep_generic_room_7
D:10:     layout_rooms, marbit_many_paths, due_lair_maze_entry_diamond,
          bh_walls_and_bars
Temple:   kb_temple_of_zot

Skill      XL: |  1  2  3  4  5  6  7  8  9 10 11 |
---------------+----------------------------------+-----
Axes           | 3 4 5 6 8 9 11 13 | 13.3
Fighting       | 4 5 6 7 8 10 | 10.1
Armour         | 4 5 6 7 8 10 | 10.1
Invocations    | 1 3 4 5 6 7 |  7.0
Shields        | |  3.6

Action                   |  1- 3 |  4- 6 |  7- 9 | 10-12 || total
-------------------------+-------+-------+-------+-------++-------
Melee: War axe           |    62 |   102 |   268 |   185 ||   617
       Headbutt          |     6 |    18 |    60 |    37 ||   121
 Fire: Hand crossbow     |       |       |       |     8 ||     8
Invok: Heroism           |       |       |     6 |     2 ||     8
Evoke: Wand              |       |       |     4 |       ||     4
  Use: Scroll            |       |    12 |       |     8 ||    20
       Potion            |       |     2 |       |       ||     2
 Stab: Distracted        |       |       |     1 |       ||     1
Armor: Scale mail        |    29 |     7 |       |       ||    36
       Plate armour      |       |    66 |   187 |   107 ||   360
Dodge: Dodged            |    25 |    28 |    78 |    65 ||   196
Block: Buckler           |    15 |    18 |    47 |    31 ||   111
